 Dungeon Crawl Stone Soup version 0.26.1-11-gd32895ea62 (webtiles) character file.

Game seed: 9931991240263620082

549 NOTTavin the Shield-Bearer (level 7, -1/60 HPs)
             Began as a Gnoll Fighter on July 16, 2021.
             Shot with an arrow by a centaur (10 damage)
             ... on level 6 of the Dungeon.
             The game lasted 00:12:52 (2529 turns).

NOTTavin the Shield-Bearer (Gnoll Fighter)          Turns: 2529, Time: 00:12:53

Health: -1/60      AC:  9    Str: 21      XL:     7   Next: 28%
Magic:  9/9        EV:  9    Int: 10      God:
Gold:   257        SH: 13    Dex: 12 (14) Spells: 10/10 levels left

rFire    . . .     SeeInvis .   a - +0 war axe
rCold    . . .     Faith    .   p - +2 kite shield
rNeg     . . .     Spirit   .   b - +0 scale mail
rPois    .         Reflect  .   (helmet restricted)
rElec    .         Harm     .   (no cloak)
rCorr    .         Rampage  .   q - +0 pair of gloves
Will     .....                  (no boots)
Stlth    ++........             f - amulet of regeneration
HPRegen  0.60/turn              h - ring of stealth
MPRegen  0.11/turn              (no ring)

@: no status effects
A: distributed training, fangs 1, horns 1, blink, low mp 1, strong nose
a: Blink


You were on level 6 of the Dungeon.
You visited 1 branch of the dungeon, and saw 5 of its levels.

You collected 257 gold pieces.

Inventory:

Hand Weapons
 a - a +0 war axe (weapon)
Armour
 b - a +0 scale mail (worn)
 p - a +2 kite shield (worn)
 q - a +0 pair of gloves (worn)
Jewellery
 f - an amulet of regeneration (around neck)
 h - a ring of stealth (left hand)
 t - an uncursed amulet of faith
Scrolls
 e - a scroll of noise
 i - 3 scrolls of identify
 o - a scroll of teleportation
Potions
 c - a potion of heal wounds {unknown}
 d - 2 potions of might
 g - 3 potions of curing
 j - 4 potions of attraction
 k - a potion of lignification
 l - a potion of haste
 m - a potion of magic


   Skills:
 + Level 7.0 Fighting
 + Level 2.3 Short Blades
 + Level 2.3 Long Blades
 + Level 5.2 Axes
 + Level 2.3 Maces & Flails
 + Level 2.3 Polearms
 + Level 2.3 Staves
 + Level 2.3 Slings
 + Level 2.3 Bows
 + Level 2.3 Crossbows
 + Level 2.3 Throwing
 + Level 7.0 Armour
 + Level 2.3 Dodging
 + Level 2.3 Stealth
 + Level 7.0 Shields
 + Level 2.3 Unarmed Combat
 + Level 2.3 Spellcasting
 + Level 1.9 Conjurations
 + Level 1.9 Hexes
 + Level 1.9 Summonings
 + Level 1.9 Necromancy
 + Level 1.9 Translocations
 + Level 1.9 Transmutations
 + Level 1.9 Fire Magic
 + Level 1.9 Ice Magic
 + Level 1.9 Air Magic
 + Level 1.9 Earth Magic
 + Level 1.9 Poison Magic
 + Level 2.6 Invocations
 + Level 2.3 Evocations


You had 10 spell levels left.
You didn't know any spells.
Your spell library contained the following spells:

 Spells                   Type           Power        Failure   Level
 Corona                   Hex            5%           67%         1
 Ensorcelled Hibernation  Hex/Ice        10%          82%         2
 Confusing Touch          Hex            5%           96%         3
 Dazzling Flash           Conj/Hex       10%          96%         3
 Tukima's Dance           Hex            5%           96%         3


Dungeon Overview and Level Annotations

Branches:
Dungeon (4/15)
 Temple: D:4-7

Altars:
Nemelex Xobeh


Innate Abilities, Weirdness & Mutations

Your experience applies equally to all skills.
You have very sharp teeth.
Your uncanny sense of smell can sniff out nearby items.
You have a pair of small horns on your head.
You can translocate small distances at will.
Your magical capacity is low. (-10% MP)


Message History

The jackal bites you but does no damage.
The centaur shoots an arrow.
The arrow hits you.
* * * LOW HITPOINT WARNING * * *
The hound bites you but does no damage. The jackal bites you.
* * * LOW HITPOINT WARNING * * *
The quasit barely misses you. x2; The quasit claws you.
* * * LOW HITPOINT WARNING * * *
Something hits you.
* * * LOW HITPOINT WARNING * * *
The jackal bites you but does no damage.
The centaur shoots an arrow.
You block the arrow. The hound barely misses you.
You feel better.
The jackal bites you but does no damage.
The quasit bites you but does no damage.
The quasit claws you but does no damage.
You block the quasit's attack.
The jackal bites you but does no damage.
The hound bites you but does no damage.
The centaur shoots an arrow.
The arrow hits you!
You die...

.. .. .# ...#.
.# #..#.# .#
#..... .#
##)#..##.###
...........
.c....†hh###.#
#..@h....#
#..5{.#..#
##..#.# #..#(#
#... . #..# #.
#... >. ####
##


You could see a centaur, a hound, a quasit and 2 jackals.

Vanquished Creatures
  The ghost of NOTTavin the Ogre Mage, an amateur OgIE of Vehumet (D:4)
  A centaur (D:3)
  A bullfrog (D:6)
  2 orc priests
  An orc wizard (D:3)
  A centaur skeleton (D:4)
  5 adders
  A shadow imp (D:6)
  An ooze (D:3)
  3 worms
  4 leopard geckos
  10 orcs
  3 giant cockroaches
  6 goblins
  5 hobgoblins
  7 jackals
  A quokka (D:3)
  A ball python (D:2)
  11 bats
  4 frilled lizards
  5 kobolds
  8 rats
82 creatures vanquished.

Notes
Turn   | Place    | Note
-------+----------+-------------------------------------------
     0 | D:1      | NOTTavin the Gnoll Fighter began the quest for the Orb.
     0 | D:1      | Reached XP level 1. HP: 23/23 MP: 1/1
     2 | D:1      | Noticed a naga
     4 | D:1      | Noticed a draconian
     4 | D:1      | Noticed a tengu
     6 | D:1      | Noticed an octopode
     6 | D:1      | Noticed a human
     8 | D:1      | Noticed a troll
    10 | D:1      | Noticed a gargoyle
    12 | D:1      | Noticed a centaur
    12 | D:1      | Noticed a demonspawn
    14 | D:1      | Noticed an elf
    14 | D:1      | Noticed a vine stalker
    16 | D:1      | Noticed a spriggan
    16 | D:1      | Noticed a formicid
    18 | D:1      | Noticed an ogre
    18 | D:1      | Noticed a merfolk
    20 | D:1      | Noticed a felid
    22 | D:1      | Noticed a minotaur
    22 | D:1      | Noticed a demigod
    24 | D:1      | Noticed a dwarf
    24 | D:1      | Noticed a vampire
    26 | D:1      | Noticed a halfling
    26 | D:1      | Noticed a ghoul
   185 | D:1      | Reached XP level 2. HP: 29/29 MP: 2/2
   621 | D:2      | Gained mutation: Your magical capacity is low. (-10% MP)
                  | [potion of mutation]
   621 | D:2      | Gained mutation: You can translocate small distances at
                  | will. [potion of mutation]
   621 | D:2      | Gained mutation: You have a pair of small horns on your
                  | head. [potion of mutation]
   777 | D:2      | Reached XP level 3. HP: 35/35 MP: 3/3
  1063 | D:2      | Reached skill level 1 in Invocations
  1364 | D:3      | Reached skill level 1 in Short Blades
  1364 | D:3      | Reached skill level 1 in Long Blades
  1364 | D:3      | Reached skill level 1 in Maces & Flails
  1364 | D:3      | Reached skill level 1 in Polearms
  1364 | D:3      | Reached skill level 1 in Staves
  1364 | D:3      | Reached skill level 1 in Slings
  1364 | D:3      | Reached skill level 1 in Bows
  1364 | D:3      | Reached skill level 1 in Crossbows
  1364 | D:3      | Reached skill level 1 in Throwing
  1364 | D:3      | Reached skill level 1 in Dodging
  1364 | D:3      | Reached skill level 1 in Stealth
  1364 | D:3      | Reached skill level 1 in Unarmed Combat
  1364 | D:3      | Reached skill level 1 in Spellcasting
  1364 | D:3      | Reached skill level 1 in Evocations
  1400 | D:3      | Noticed a centaur
  1414 | D:3      | Killed a centaur
  1415 | D:3      | Reached skill level 1 in Conjurations
  1415 | D:3      | Reached skill level 1 in Hexes
  1415 | D:3      | Reached skill level 1 in Summonings
  1415 | D:3      | Reached skill level 1 in Necromancy
  1415 | D:3      | Reached skill level 1 in Translocations
  1415 | D:3      | Reached skill level 1 in Transmutations
  1415 | D:3      | Reached skill level 1 in Fire Magic
  1415 | D:3      | Reached skill level 1 in Ice Magic
  1415 | D:3      | Reached skill level 1 in Air Magic
  1415 | D:3      | Reached skill level 1 in Earth Magic
  1415 | D:3      | Reached skill level 1 in Poison Magic
  1415 | D:3      | Reached XP level 4. HP: 35/41 MP: 5/5
  1415 | D:3      | Reached XP level 5. HP: 41/47 MP: 6/6
  1513 | D:3      | Reached XP level 6. HP: 29/53 MP: 7/7
  1714 | D:3      | Found a sparkling altar of Nemelex Xobeh.
  2195 | D:4      | Reached skill level 5 in Axes
  2202 | D:4      | Found a runed translucent door.
  2202 | D:4      | Noticed NOTTavin's ghost (amateur OgIE)
  2217 | D:4      | Killed NOTTavin's ghost
  2218 | D:4      | Reached XP level 7. HP: 22/59 MP: 9/9
  2516 | D:4      | You fall into a shaft and drop 2 floors!
  2528 | D:6      | HP: 3/60 [something (1)]
  2529 | D:6      | Shot with an arrow by a centaur

Illustrated notes

Levels and vault maps discovered:
D:1:      kb_arrival_jail, layout_loops_ring
D:2:      layout_loops_ring, minmay_randomly_rotated_circles
D:3:      layout_basic, nemelex_xobeh_ov_fountains_minmay
D:4:      layout_gridville, hellmonk_ghost_happy_afterlife,
          kennysheep_flooded_box
D:6:      layout_loops_cross, uniq_grinder

Skill      XL: |  1  2  3  4  5  6  7 |
---------------+----------------------+-----
Invocations    | 1 2 |  2.6
Short Blades   | 1 2 |  2.3
Long Blades    | 1 2 |  2.3
Maces & Flails | 1 2 |  2.3
Polearms       | 1 2 |  2.3
Staves         | 1 2 |  2.3
Slings         | 1 2 |  2.3
Bows           | 1 2 |  2.3
Crossbows      | 1 2 |  2.3
Throwing       | 1 2 |  2.3
Dodging        | 1 2 |  2.3
Stealth        | 1 2 |  2.3
Unarmed Combat | 1 2 |  2.3
Spellcasting   | 1 2 |  2.3
Evocations     | 1 2 |  2.3
Conjurations   | 1 |  1.9
Hexes          | 1 |  1.9
Summonings     | 1 |  1.9
Necromancy     | 1 |  1.9
Translocations | 1 |  1.9
Transmutations | 1 |  1.9
Fire Magic     | 1 |  1.9
Ice Magic      | 1 |  1.9
Air Magic      | 1 |  1.9
Earth Magic    | 1 |  1.9
Poison Magic   | 1 |  1.9
Axes           | 5 |  5.2
Fighting       | 7 |  7.0
Armour         | 7 |  7.0
Shields        | 7 |  7.0

Action                   |  1- 3 |  4- 6 |  7- 9 || total
-------------------------+-------+-------+-------++-------
Melee: War axe           |    83 |    61 |    17 ||   161
       Bite              |     8 |     6 |     3 ||    17
       Headbutt          |     8 |    11 |     3 ||    22
  Use: Scroll            |     8 |     4 |       ||    12
       Potion            |     1 |       |     1 ||     2
 Stab: Sleeping          |       |     2 |       ||     2
Armor: Scale mail        |    45 |    39 |    43 ||   127
Dodge: Dodged            |    29 |    20 |    33 ||    82
Block: Kite shield       |    66 |    26 |    37 ||   129
